 Dungeon Crawl Stone Soup version 0.30-a0-243-gaa749bd8e4 (webtiles) character file.

Game seed: 4785129854060380529

1395 Essalna the Chiller (level 8, 0/75 HPs)
             Began as a White Draconian Transmuter on Oct 12, 2022.
             Killed from afar by Maggie (30 damage)
             ... with a bolt of fire
             ... on level 7 of the Dungeon.
             The game lasted 00:11:21 (6301 turns).

Essalna the Chiller (White Draconian Transmuter)    Turns: 6301, Time: 00:11:22

Health: 0/75       AC:  7    Str: 15    XL:     8   Next: 41%
Magic:  8/11       EV: 10    Int: 13    God:
Gold:   247        SH:  0    Dex: 18    Spells: 6/11 levels left

rFire   x . .      SeeInvis .      - Unarmed
rCold   + + +      Faith    .    (shield currently unavailable)
rNeg    . . .      Spirit   .    (body armour unavailable)
rPois   +          Reflect  .    (helmet currently unavailable)
rElec   .          Harm     .    (cloak currently unavailable)
rCorr   .          Rampage  .    (gloves currently unavailable)
Will    .....                    (boots currently unavailable)
Stlth   ++........               (no amulet)
HPRegen 0.32/turn                r - +6 ring of dexterity
MPRegen 0.12/turn                (no ring)

@: ice-form, mesmerised
A: freezing attack, amphibious, boosted hp, (breathe frost), AC +6, large,
unfitting armour, (cold resistance 1), (cold-blooded)
a: End Transformation


You were on level 7 of the Dungeon.
You were a creature of crystalline ice.
You visited 2 branches of the dungeon, and saw 8 of its levels.

You collected 247 gold pieces.

Inventory:

Jewellery
 f - an amulet of faith
 i - a ring of flight
 r - a +6 ring of dexterity (left front paw)
Wands
 s - a wand of quicksilver (5)
 w - a wand of flame (13)
Scrolls
 d - 5 scrolls of identify
 e - a scroll of poison
 h - a scroll of fear
 l - 2 scrolls of teleportation
 t - a scroll of vulnerability {unknown}
 u - a scroll of blinking {unknown}
 v - 2 scrolls of noise {unknown}
 x - a scroll of immolation {unknown}
 y - 4 scrolls of enchant armour {unknown}
Potions
 a - 2 potions of lignification
 b - a potion of degeneration
 c - 2 potions of attraction {unknown}
 g - 2 potions of mutation {unknown}
 j - a potion of cancellation {unknown}
 k - a potion of berserk rage {unknown}
 n - 2 potions of heal wounds {unknown}
 p - 3 potions of curing
 z - a potion of brilliance {unknown}
 A - a potion of might {unknown}


   Skills:
 + Level 3.3 Fighting
 - Level 1.7 Dodging
 + Level 4.2 Unarmed Combat
 - Level 2.0 Spellcasting
 + Level 7.2 Transmutations
 + Level 7.4 Ice Magic


You had 6 spell levels left.
You knew the following spells:

 Your Spells              Type           Power      Damage    Failure   Level
a - Beastly Appendage     Tmut           40%        N/A       1%          1
b - Ice Form              Ice/Tmut       20%        N/A       12%         4

Your spell library contained the following spells:

 Spells                   Type           Power      Damage    Failure   Level
 Wereblood                Tmut           20%        N/A       1%          2
 Spider Form              Tmut/Pois      10%        N/A       17%         3
 Magic Dart               Conj           4%         1d3       26%         1
 Blink                    Tloc           2%         N/A       36%         2
 Call Imp                 Summ           1%         N/A       36%         2
 Momentum Strike          Conj/Tloc      2%         3d8       36%         2
 Lesser Beckoning         Tloc           2%         N/A       58%         3
 Mephitic Cloud           Conj/Pois/Air  1%         N/A       58%         3


Dungeon Overview and Level Annotations

Branches:
Dungeon (7/15)             Temple (1/1) D:5

Altars:
Ashenzari
Cheibriados
Dithmenos
Fedhas
Kikubaaqudgha
Makhleb
Nemelex Xobeh
Okawaru
Qazlal
Trog
Uskayaw
Wu Jian
Zin

Portals:
Bailey: D:7

Annotations:
D:7 Maggie


Innate Abilities, Weirdness & Mutations

You are a creature of crystalline ice.
You have a powerful freezing melee attack.
You are amphibious.
Your maximum health is increased.
Your armour is entirely melded.
You are incapable of wielding weapons or throwing items.
((You can breathe waves of freezing cold which knock back foes.))
((Your icy white scales are hard. (AC +6)))
You cannot fit into any form of body armour.
((Your flesh is cold resistant. (rC+)))
((You are cold-blooded and may be slowed by cold attacks.))


Message History

The orc closely misses you.
You hit the orc. You freeze the orc.
The orc is heavily wounded.
The orc hits you but does no damage. x3
You hit the orc but do no damage.
The orc is heavily wounded.
The orc barely misses you. The orc hits you with a +0 flail.
The orc hits you but does no damage.
An orc priest comes into view. It is wielding a +0 morningstar.
The orc barely misses you.
You punch the orc! You freeze the orc.
You kill the orc!
The orc misses you. The orc hits you with a +0 flail.
The orc hits you but does no damage.
You punch the hound! You freeze the hound!
You kill the hound!
The orc hits you but does no damage. The orc barely misses you.
The orc closely misses you. x2
Maggie mumbles some strange words.
Maggie attempts to bespell you! You resist with almost no effort.
You barely miss the orc warrior. The orc misses you.
The orc hits you with a +0 flail. The orc hits you but does no damage.
An orc comes into view. It is wielding a +0 club.
An orc comes into view. It is wielding a +0 hand axe.
The orc warrior misses you.
The orc priest invokes the aid of Beogh against you.
Beogh smites you!
An orc comes into view. It is wielding a +0 trident.
The orc barely misses you.
Maggie gestures wildly while chanting.
Maggie attempts to bespell you!
You are mesmerised by Maggie!
The orc shouts!
The orc hits you with a +0 hand axe. The orc hits you with a +0 dagger.
The orc warrior hits you with a +0 flail.
The orc attacks as you move away! The orc closely misses you.
The orc warrior hits you with a +0 flail!
Maggie gestures at you while chanting. The bolt of fire hits you!!
The fire burns you terribly!
You die...

**,,** **,,,,,,,,,,,,,,
*...,* *#...,..,,,,,,,,,
*#..,*##...*...,,,,,,,,,
##..###...##...,,,,,,,,,
#.......8......,,,,,,,,,
##....8.....8...***,,,,,,
***#..o.......o....,*****,,,
*,,,,,#.o.o........,** ****
**,,,,*#8.ooY∩.o..8#,,*
*,,,,**#..oo.......#*,**
**,,**#.....@......#*,,*
******,**#....8.....8..#**,**
,,,,,,**#........8.....# *,,*
,***,,,....###........##
**,** ,,*****###.,*.........#
*,,** ,,,** #*,..........#*
**,,* ,,,,* *,,,,,,,,,,,,*
*,,*


You could see Maggie (mesmerising), an orc warrior, an orc priest and 7 orcs.

Vanquished Creatures
  Pikel (D:4)
  An ice beast (D:6)
  2 black bears
  2 ogres
  Blork the orc (D:4)
  2 scorpions
  A howler monkey (D:5)
  A jelly (D:5)
  An orc priest (D:2)
  2 hounds
  2 iguanas (D:5)
  3 adders
  A white imp (D:3)
  2 ufetubi
  2 dart slugs
  12 orcs
  6 ball pythons
  4 bats
  5 endoplasms
  A giant cockroach (D:2)
  2 goblins
  6 hobgoblins
  A jackal (D:4)
  3 quokkas
  5 frilled lizards
  2 kobolds (D:1)
  3 rats
74 creatures vanquished.

Vanquished Creatures (others)
  A withered plant (D:3)
1 creature vanquished.

Grand Total: 75 creatures vanquished

Notes
Turn   | Place    | Note
-------+----------+-------------------------------------------
     0 | D:1      | Essalna the Draconian Transmuter began the quest for the
                  | Orb.
     0 | D:1      | Reached XP level 1. HP: 16/16 MP: 3/3
   139 | D:1      | Reached XP level 2. HP: 23/23 MP: 3/5
  1324 | D:2      | Reached XP level 3. HP: 15/29 MP: 4/6
  1382 | D:2      | Found a stormy altar of Qazlal.
  1845 | D:3      | Found a faded altar of an unknown god.
  1890 | D:3      | Noticed a scorpion
  1908 | D:3      | Killed a scorpion
  1909 | D:3      | Reached XP level 4. HP: 11/37 MP: 5/7
  2068 | D:2      | Reached XP level 5. HP: 31/45 MP: 8/8
  2382 | D:3      | Learned a level 4 spell: Ice Form
  2771 | D:4      | Noticed Blork the orc
  2783 | D:4      | Killed Blork the orc
  2784 | D:4      | Reached skill level 1 in Ice Magic
  2976 | D:4      | Noticed an ogre
  3108 | D:4      | Noticed Pikel
  3108 | D:4      | Noticed a lemure
  3109 | D:4      | Noticed a lemure
  3109 | D:4      | Noticed a lemure
  3109 | D:4      | Noticed a lemure
  3142 | D:4      | Killed Pikel
  3143 | D:4      | Reached skill level 5 in Transmutations
  3143 | D:4      | Reached XP level 6. HP: 4/51 MP: 9/9
  3143 | D:4      | Your scales start taking on an icy white colour.
  3143 | D:4      | Reached skill level 5 in Ice Magic
  3143 | D:4      | Reached XP level 7. HP: 5/57 MP: 10/10
  3143 | D:4      | Gained mutation: Your flesh is cold resistant. (rC+) [White
                  | Draconian growth]
  4318 | D:5      | Entered Level 5 of the Dungeon
  4573 | D:5      | Reached XP level 8. HP: 17/63 MP: 9/11
  5103 | D:5      | Found a staircase to the Ecumenical Temple.
  5147 | Temple   | Entered the Ecumenical Temple
  6291 | D:7      | Found a flagged portal.
  6292 | D:7      | Noticed Maggie
  6301 | D:7      | Killed from afar by Maggie

Illustrated notes

Levels and vault maps discovered:
D:1:      roderic_octagonal_star, layout_loops_corners
D:2:      layout_rooms, basic_altar
D:3:      layout_loops_cross, shapermc_ecumenical_altar_flowoftime
D:4:      minmay_spotlight, layout_layer_cave, uniq_pikel, uniq_blork_the_orc
D:5:      layout_rooms, minmay_temple_entry_trees, serial_curves,
          eino_curves_03, eino_curves_02, st_stairs_5, palyth_stone_intersect
D:6:      layout_loops_ring
D:7:      layout_cave_pods, kennysheep_mini, ebering_ghost_inner_flame,
          enter_bailey_6, uniq_crazy_yiuf_cottage, uniq_maggie, uniq_duvessa
Temple:   nicolae_temple_god_jail

Skill      XL: |  1  2  3  4  5  6  7  8 |
---------------+-------------------------+-----
Fighting       | 2 3 |  3.3
Unarmed Combat | 4 |  4.2
Transmutations | 3 5 6 7 |  7.2
Ice Magic      | 4 5 6 7 |  7.4
Dodging        | |  1.7
Spellcasting   | |  2.0

Action                   |  1- 3 |  4- 6 |  7- 9 || total
-------------------------+-------+-------+-------++-------
Melee: Unarmed           |    93 |    70 |   103 ||   266
       Kick              |    18 |    21 |    31 ||    70
       Headbutt          |    10 |     9 |    21 ||    40
       Tailslap          |     8 |    11 |    19 ||    38
       Punch             |     1 |     1 |     1 ||     3
 Cast: Beastly Appendage |    29 |    14 |    26 ||    69
       Ice Form          |       |       |     1 ||     1
 Abil: Breathe Frost     |       |       |     6 ||     6
  Use: Potion            |     2 |     1 |       ||     3
       Scroll            |       |       |     7 ||     7
 Stab: Sleeping          |       |     1 |     1 ||     2
Armor: Skin              |    24 |    18 |    38 ||    80
Dodge: Dodged            |    44 |    33 |    61 ||   138

Table legend: (Time is in decaauts)
 A = Elapsed time spent in this place.
 B = Non-inter-level travel time spent in this place.
 C = Inter-level travel time spent in this place.
 D = Time resting spent in this place.
 E = Time spent auto-exploring this place.
 F = Levels seen in this place.
 G = Mean time per level.
                   A        B        C        D        E       F      G
               +--------+--------+--------+--------+--------+-----+--------+
         Total |   6281 |   6004 |    277 |    153 |   5004 |   8 |  785.1 |
       Dungeon |   6126 |   5849 |    277 |    153 |   4958 |   7 |  875.1 |
        Temple |    154 |    154 |      0 |      0 |     46 |   1 |  154.0 |
               +--------+--------+--------+--------+--------+-----+--------+

Top non-repeatable levels by time:
     D:4: 1729 daAuts
     D:1: 1168 daAuts
     D:3: 942 daAuts
     D:6: 865 daAuts
     D:5: 820 daAuts
     D:2: 583 daAuts
  Temple: 154 daAuts
     D:7: 16 daAuts
